Map: Ulzaan

Players

HerfJones - Winner!

  • Race: Terran Terran
  • Spawn Location: 3:00

Throwfordays - Winner!

  • Race: Terran Terran
  • League: Bronze
  • Spawn Location: 1:00

VOD

Have the link to the VOD?

Description

Time

  • Played on: Jan. 25, 2019, 2:09 p.m.
  • Length: 23:57
Show
View Real Time Build Order
Export as new Build Order

HerfJones Terran - Winner!

Build Orders:  

Get SALT Encoding   

  12  0:04  SCV  
  13  0:21  SCV  
  14  0:38  SCV  
  15  1:07  Supply Depot  
  15  1:37  SCV  
  16  1:43  Supply Depot  
  16  1:54  SCV  
  17  2:11  SCV  
  18  2:21  Refinery  
  18  2:28  SCV  
  19  2:43  Refinery  
  19  2:45  SCV  
  20  3:02  SCV  
  21  3:18  SCV  
  22  3:35  SCV  
  23  3:52  SCV  
  24  4:09  SCV  
  25  4:20  Barracks  
  25  4:23  Command Center  
  25  4:26  SCV  
  26  4:50  SCV  
  27  5:03  Supply Depot  
  27  5:07  SCV  
  28  5:24  SCV  
  29  5:37  Barracks Reactor  
  29  5:41  SCV  
  30  5:58  SCV  
  31  6:08  Ghost Academy  
  31  6:30  SCV  
  31  6:31  SCV  
  33  6:42  Supply Depot  
  33  6:47  SCV  
  33  6:48  SCV  
  35  7:04  SCV  
  35  7:05  SCV  
  37  7:15  Refinery  
  37  7:20  Refinery  
  37  7:22  SCV  
  38  7:39  SCV  
  39  8:10  Marine x2  
  41  8:21  Supply Depot  
  41  8:32  SCV  
  41  8:35  Marine x2  
  44  8:49  SCV  
  45  8:52  Supply Depot  
  45  9:00  Marine x2  
  45  9:06  SCV  
  48  9:18  SCV  
  49  9:25  Marine x2  
  51  9:35  SCV  
  52  9:47  SCV  
  53  9:52  SCV  
  53  9:58  Supply Depot  
  54  10:09  SCV  
  55  10:14  Supply Depot  
  55  10:24  Marine  
  55  10:25  Marine  
  55  10:29  Supply Depot  
  56  10:49  Marine  
  54  10:50  Marine  
  55  11:04  Barracks  
  55  11:14  Marine  
  55  11:15  Marine  
  55  11:16  Personal Cloaking  
  57  11:34  Factory  
  57  11:39  Marine x2  
  59  12:04  Marine x2  
  61  12:14  Barracks  
  61  12:55  Barracks Tech Lab  
  61  13:10  Marine x2  
  63  13:35  Marine x2  
  63  13:38  Ghost  
  67  13:51  Barracks Tech Lab  
  67  13:59  Marine  
  67  14:00  Marine  
  69  14:18  Ghost  
  69  14:19  Stimpack  
  71  14:24  Marine  
  71  14:25  Marine  
  73  14:35  Marauder  
  75  14:58  Ghost  
  77  15:05  Marauder  
  79  15:35  Marauder  
  79  15:38  Ghost  
  83  15:40  Supply Depot  
  83  15:51  Unknown  
  83  15:57  Marine  
  83  15:59  Marine  
  85  16:05  Marauder  
  87  16:18  Ghost  
  89  16:22  Marine  
  89  16:24  Marine  
  91  16:31  SCV  
  91  16:35  Marauder, Command Center  
  91  16:37  SCV  
  95  16:47  Marine  
  95  16:48  SCV  
  95  16:49  Marine  
  98  16:54  SCV  
  98  16:58  Ghost  
  101  17:05  SCV, Marauder  
  101  17:09  Unknown  
  104  17:11  SCV  
  104  17:12  Marine  
  104  17:13  Marine  
  104  17:19  Refinery  
  107  17:22  SCV  
  107  17:28  SCV  
  109  17:32  Refinery  
  109  17:35  Marauder  
  109  17:38  Ghost  
  109  17:39  SCV  
  110  18:15  SCV, Marauder  
  110  18:17  Ghost  
  115  18:36  SCV  
  116  18:41  SCV  
  116  18:44  SCV  
  118  18:53  SCV, Supply Depot  
  118  18:58  SCV  
  120  19:01  SCV  
  120  19:09  Supply Depot  
  121  19:10  SCV  
  121  19:15  SCV  
  121  19:17  SCV  
  124  19:27  SCV  
  125  19:32  SCV  
  125  19:34  SCV  
  125  19:37  Supply Depot  
  127  19:41  Supply Depot  
  127  19:44  SCV  
  127  19:49  SCV  
  129  19:51  SCV  
Show
View Real Time Build Order
Export as new Build Order

Throwfordays Terran - Winner!

Build Orders:  

Get SALT Encoding   

  12  0:02  SCV  
  13  0:19  SCV  
  14  0:38  Supply Depot  
  14  0:40  SCV  
  15  1:08  SCV  
  16  1:14  Barracks  
  16  1:25  SCV  
  17  1:34  Refinery  
  17  1:42  SCV  
  18  1:59  SCV  
  19  2:15  SCV  
  19  2:18  Refinery  
  20  2:32  SCV  
  21  2:43  Barracks Tech Lab  
  21  2:49  SCV  
  22  2:50  Supply Depot  
  22  3:06  SCV  
  23  3:23  SCV  
  23  3:25  Reaper  
  23  3:26  Supply Depot  
  25  3:36  Supply Depot  
  25  3:40  SCV  
  26  3:52  Engineering Bay  
  26  4:04  Factory  
  27  4:10  Reaper  
  27  4:14  Barracks  
  27  4:18  SCV  
  28  4:35  SCV, Command Center  
  29  4:57  Marine  
  29  4:59  Unknown  
  29  5:14  Factory Tech Lab  
  29  5:22  Marine  
  29  5:23  Barracks  
  29  5:25  Terran Infantry Weapons Level 1  
  30  5:53  Barracks Reactor  
  30  5:58  Barracks  
  30  6:14  Cyclone  
  32  6:49  Orbital Command  
  32  6:53  Barracks Reactor  
  32  6:59  Cyclone  
  35  7:26  Barracks Reactor  
  35  7:54  SCV  
  36  8:00  SCV  
  37  8:11  SCV  
  37  8:12  Stimpack  
  37  8:14  Command Center  
  37  8:17  Marine x2, SCV  
  37  8:18  Marine x4  
  37  8:19  Marine  
  46  8:28  SCV  
  47  8:34  SCV  
  48  8:40  Terran Infantry Armor Level 1  
  48  8:42  Marine x2  
  48  8:43  Marine  
  48  8:45  SCV  
  52  8:51  SCV  
  53  9:02  SCV  
  54  9:11  Refinery  
  54  9:14  Refinery  
  54  9:17  Supply Depot  
  54  9:21  Supply Depot  
  54  9:26  Supply Depot  
  54  9:29  Supply Depot  
  54  9:47  SCV x2  
  56  10:03  SCV x2  
  56  10:06  SCV  
  59  10:20  SCV x2  
  59  10:23  SCV  
  59  10:25  Refinery  
  62  10:37  SCV x2  
  64  10:40  SCV  
  65  10:54  SCV  
  65  10:57  SCV  
  64  11:01  Refinery  
  64  11:14  SCV, Supply Depot  
  64  11:17  Supply Depot x2  
  65  11:20  Supply Depot  
  65  11:37  SCV  
  66  11:47  SCV  
  67  11:50  SCV  
  67  11:54  SCV  
  69  12:03  SCV  
  69  12:07  SCV  
  71  12:11  SCV  
  72  12:28  SCV  
  74  12:55  SCV  
  74  13:05  Orbital Command  
  74  13:12  SCV  
  75  13:29  SCV  
  76  13:46  SCV  
  77  13:53  Concussive Shells  
  77  14:04  Marauder  
  77  14:06  Marine x5  
  77  14:07  Marine  
  85  14:31  Marine x6  
  85  14:34  Marauder  
  85  14:36  Orbital Command  
  93  14:51  Starport x2  
  93  14:55  Starport  
  93  14:56  Marine x6  
  99  15:04  Marauder  
  99  15:09  Armory  
  101  15:21  Marine x6  
  107  15:34  Marauder  
  109  15:48  Starport Reactor  
  109  15:50  Starport Tech Lab  
  109  15:54  Starport Reactor  
  109  16:04  Marauder  
  111  16:10  Unknown  
  111  17:00  Infernal Pre-Igniter  
  111  17:04  Medivac x3  
  111  17:05  Medivac  
  111  17:06  Medivac  
  121  17:31  Terran Infantry Weapons Level 2  
  121  17:46  Medivac x3  
  121  17:47  Medivac  
  121  17:48  Medivac  
  125  18:16  Unknown  
Tags
 
League
Bronze
Matchup
Co-op
Replay Pack
Multiplayer
Add a new tag
Caveats
  • Supply blocks, unpowered buildings, or Contaminate may cause inaccurate times.
  • Supply counts are checked every 10 seconds.